[Event "Titled Tuesday Blitz November 22 Early 2022"]
[White "Kravtsiv, Martyn"]
[Black "Keymer, Vincent"]
[WhiteFideId "14113147"]
[BlackFideId "12940690"]
[WhiteElo "2694"]
[BlackElo "2600"]
[Result "0-1"]
[Round "04"]
[TimeControl "180+1"]
[Date "2022.11.22"]
[WhiteClock "0:00:01"]
[BlackClock "0:00:03"]

1. e4 c6 2. Nf3 d5 3. d3 dxe4 4. dxe4 Qxd1+ 5. Kxd1 Nd7 6. a4 g6 7. Na3 Ngf6 8. Bd3 Nc5 9. Re1 Bg7 10. Nc4 Be6 11. Ng5 Nxd3 12. cxd3 Bxc4 13. dxc4 Ng4 14. Ke2 Ne5 15. c5 Rd8 16. Ra3 O-O 17. Rb3 Rd7 18. Rd1 Rfd8 19. Rxd7 Rxd7 20. Nf3 Nxf3 21. Kxf3 Kf8 22. a5 a6 23. Ke2 Ke8 24. Rd3 Rd4 25. Rxd4 Bxd4 26. b4 Kd7 27. Be3 Bg7 28. Kd3 f5 29. f3 Ke6 30. h3 fxe4+ 31. fxe4 Be5 32. Bg5 Bf6 33. Bf4 h5 34. g4 Bb2 35. Bg5 hxg4 36. hxg4 Be5 37. Kc4 Bg3 38. Kd3 Be1 39. Kc4 Ke5 40. Bxe7 Kxe4 41. Bd6 Bd2 42. Be7 Kf3 43. g5 Ke4 44. Bd8 Kf5 45. Bc7 Bxg5 46. Kd3 Bf4 47. Bd8 g5 48. Kd4 g4 49. Bh4 g3 0-1


[Site "https://www.chess.com"]

[Event "Titled Tuesday Blitz November 22 Early 2022"]
[White "Kuchava, Ana"]
[Black "Thorhallsson, Simon"]
[WhiteFideId "13605348"]
[BlackFideId "2310090"]
[WhiteElo "2001"]
[BlackElo "2109"]
[Result "1/2-1/2"]
[Round "04"]
[TimeControl "180+1"]
[Date "2022.11.23"]
[WhiteClock "0:00:15"]
[BlackClock "0:00:02"]

1. d4 Nf6 2. Nf3 e6 3. c4 Bb4+ 4. Bd2 a5 5. e3 O-O 6. Bxb4 axb4 7. Nbd2 d6 8. Bd3 e5 9. Qc2 exd4 10. Nxd4 Na6 11. O-O Nc5 12. Bf5 g6 13. Bxc8 Qxc8 14. N2b3 Nfd7 15. Nxc5 Nxc5 16. Nb3 Na6 17. Rfd1 Re8 18. c5 dxc5 19. Nxc5 Nxc5 20. Qxc5 Re4 21. f3 Re6 22. e4 Rb6 23. Rd4 Rba6 24. Rxb4 Rxa2 25. Rxa2 Rxa2 26. Qd5 Ra1+ 27. Kf2 c6 28. Qd6 Qa8 29. Qc7 Qa7+ 30. Qb6 Qa2 31. Qxb7 Qb1 32. Qb8+ Kg7 33. Qe5+ Kh6 34. Qf4+ Kg7 35. Qe5+ Kh6 36. Qf4+ Kg7 37. Qe5+ 1/2-1/2


[Site "https://www.chess.com"]

[Event "Titled Tuesday Blitz November 22 Early 2022"]
[White "Kukreja, Sankalp"]
[Black "Samunenkov, Ihor"]
[WhiteFideId "45027676"]
[BlackFideId "14187086"]
[WhiteElo "2154"]
[BlackElo "2441"]
[Result "0-1"]
[Round "04"]
[TimeControl "180+1"]
[Date "2022.11.23"]
[WhiteClock "0:00:59"]
[BlackClock "0:00:05"]

1. e4 c6 2. d4 d5 3. exd5 cxd5 4. c4 Nf6 5. Nc3 Nc6 6. Nf3 Bg4 7. cxd5 Nxd5 8. Qb3 Bxf3 9. gxf3 e6 10. Qxb7 Nxd4 11. Bb5+ Nxb5 12. Qc6+ Ke7 13. Qxb5 Qd7 14. Nxd5+ Qxd5 15. Qxd5 exd5 16. Be3 Ke6 17. O-O-O Bb4 18. a3 Rhc8+ 19. Kb1 Bc5 20. Rhe1 Bxe3 21. Rxe3+ Kd6 22. Red3 Rc5 23. b4 Rb5 24. Ka2 a5 25. Kb3 axb4 26. axb4 Rab8 27. Rd4 R8b7 28. Rg1 g6 29. f4 Re7 30. Ra1 Reb7 31. Ra6+ R7b6 32. Rxb6+ Rxb6 33. Ka4 Ra6+ 34. Kb3 Ra1 35. Rd2 Rh1 36. Rc2 Rxh2 37. b5 Rh1 38. Kb2 Re1 39. Rc8 Kd7 40. Rc5 Kd6 41. Rc6+ Kd7 42. Rc5 h5 43. b6 Re6 44. Rxd5+ Kc6 45. b7 Re8 46. Re5 Rb8 47. f5 Rxb7+ 48. Kc3 Rb5 49. Re8 Rxf5 50. Rc8+ Kd7 51. Rh8 Rxf2 52. Kd4 Ke6 53. Ke3 Rf5 54. Ke4 Kf6 55. Ra8 Re5+ 56. Kf4 Re6 57. Ra5 Rb6 58. Ra4 g5+ 59. Ke4 Kg6 60. Rc4 Re6+ 61. Kd5 h4 62. Rc3 g4 0-1


[Site "https://www.chess.com"]

[Event "Titled Tuesday Blitz November 22 Early 2022"]
[White "Kvaloy, Aksel Bu"]
[Black "Ovchinnikov, Vsevolod"]
[WhiteFideId "1528815"]
[BlackFideId "24176842"]
[WhiteElo "2184"]
[BlackElo "2376"]
[Result "1/2-1/2"]
[Round "04"]
[TimeControl "180+1"]
[Date "2022.11.23"]
[WhiteClock "0:01:00"]
[BlackClock "0:00:06"]

1. e4 g6 2. d4 Bg7 3. Nc3 a6 4. h4 h5 5. Be3 b5 6. Bd3 Nc6 7. d5 Ne5 8. f3 e6 9. dxe6 dxe6 10. Qd2 Bb7 11. O-O-O Nxd3+ 12. cxd3 Nf6 13. Nh3 Rc8 14. d4 Qe7 15. Ng5 Qb4 16. Kb1 O-O 17. g4 hxg4 18. h5 Rfe8 19. hxg6 fxg6 20. e5 Nd5 21. Nxd5 Qxd2 22. Rxd2 Bxd5 23. Rf1 gxf3 24. Nxf3 Rf8 25. Rdf2 Rxf3 26. Rxf3 Bxf3 27. Rxf3 Rf8 28. Rg3 Rf1+ 29. Kc2 Kf7 30. Bg5 Rf2+ 31. Kb3 Ke8 32. Be3 Re2 33. Bf4 Kf7 34. Rc3 Re4 35. Rxc7+ Kg8 36. Bg5 Rxd4 37. Bf6 Bxf6 38. exf6 Rf4 39. Rg7+ Kf8 40. Rxg6 Kf7 41. Rg7+ Kxf6 42. Ra7 Ra4 43. a3 e5 44. Kc3 Rc4+ 45. Kd3 Rc6 46. Rh7 Kf5 47. Rf7+ Kg6 48. Rf2 Rf6 49. Rg2+ Kf5 50. Rc2 Rd6+ 51. Ke3 Rh6 52. Rf2+ Ke6 53. Rc2 Rh3+ 54. Ke4 Rh4+ 55. Ke3 Kd5 56. Rd2+ Kc5 57. Rc2+ Rc4 58. Rd2 a5 59. Rh2 Rd4 60. Rc2+ Kd5 61. Rc8 Rh4 62. Rd8+ Kc4 63. Rc8+ Kb3 64. Rc5 b4 65. Rxa5 Kxb2 66. axb4 Rxb4 67. Rxe5 Kc3 68. Rc5+ Rc4 69. Rxc4+ Kxc4 1/2-1/2


[Site "https://www.chess.com"]

[Event "Titled Tuesday Blitz November 22 Early 2022"]
[White "Lakshmi C"]
[Black "Aggelis, Nikolaos"]
[WhiteFideId "25035347"]
[BlackFideId "4213220"]
[WhiteElo "1865"]
[BlackElo "2189"]
[Result "1-0"]
[Round "04"]
[TimeControl "180+1"]
[Date "2022.11.23"]
[WhiteClock "0:01:53"]
[BlackClock "0:02:21"]

1. e4 c6 2. Nc3 d5 3. Nf3 dxe4 4. Nxe4 Bg4 5. h3 Bxf3 6. Qxf3 e6 7. c3 Nd7 8. d4 Ngf6 9. Bd3 Be7 10. Bf4 Nxe4 11. Qxe4 Nf6 12. Qf3 Qd5 13. Qe2 Qxg2 14. O-O-O Qd5 15. Rhg1 Qxa2 16. Rxg7 Nh5 17. Qxh5 Qa1+ 18. Bb1 O-O-O 19. Qxf7 Rd7 20. Qxe6 Rd8 21. Rxe7 1-0


[Site "https://www.chess.com"]

[Event "Titled Tuesday Blitz November 22 Early 2022"]
[White "Le Goff, Damien"]
[Black "Bilan, Danila"]
[WhiteFideId "634808"]
[BlackFideId "24161918"]
[WhiteElo "2378"]
[BlackElo "2173"]
[Result "1-0"]
[Round "04"]
[TimeControl "180+1"]
[Date "2022.11.23"]
[WhiteClock "0:00:20"]
[BlackClock "0:00:07"]

1. d4 d5 2. c4 c6 3. Nc3 Nf6 4. e3 e6 5. Nf3 Nbd7 6. Be2 Bd6 7. O-O O-O 8. b3 dxc4 9. bxc4 e5 10. Qc2 Re8 11. Bd3 Qe7 12. Ng5 h6 13. Nge4 Nxe4 14. Nxe4 Bc7 15. Ng3 Nf6 16. Bf5 exd4 17. exd4 Bxg3 18. hxg3 Bxf5 19. Qxf5 Qe4 20. Qxe4 Rxe4 21. Rd1 Rd8 22. Be3 Ng4 23. Rd3 b5 24. cxb5 cxb5 25. Rb1 Rd5 26. Rbb3 a6 27. f3 Rxe3 28. Rxe3 Nxe3 29. Rxe3 Rxd4 30. Ra3 Rd6 31. Kf2 Kf8 32. Ke3 Ke7 33. Rc3 Kd7 34. g4 Rc6 35. Rd3+ Kc7 36. f4 Re6+ 37. Kf3 Rd6 38. Re3 Kc6 39. f5 b4 40. Re7 Rd7 41. Re8 a5 42. Ra8 Kb5 43. Kf4 Ka4 44. g5 hxg5+ 45. Kxg5 Rd2 46. g4 Rd7 47. Kh5 f6 48. Kg6 Kb5 49. Rg8 a4 50. Rxg7 Rxg7+ 51. Kxg7 b3 52. axb3 axb3 53. Kxf6 b2 54. Kg7 b1=Q 55. f6 Qb2 56. g5 Kc6 57. Kg8 1-0


[Site "https://www.chess.com"]

[Event "Titled Tuesday Blitz November 22 Early 2022"]
[White "Le, Tuan Minh"]
[Black "Goroshkov, Maksym"]
[WhiteFideId "12401153"]
[BlackFideId "14142716"]
[WhiteElo "2530"]
[BlackElo "2257"]
[Result "1-0"]
[Round "04"]
[TimeControl "180+1"]
[Date "2022.11.22"]
[WhiteClock "0:01:49"]
[BlackClock "0:02:06"]

1. d4 Nf6 2. Nf3 d6 3. Bg5 g6 4. Nbd2 Bg7 5. c3 O-O 6. e4 c5 7. dxc5 dxc5 8. Bc4 Nc6 9. Qe2 h6 10. Bxf6 Bxf6 11. Qe3 Bg7 12. Qxc5 Bd7 13. O-O Rc8 14. Qe3 Ne5 15. Bb3 Ng4 16. Qe2 Qc7 17. h3 Ne5 18. Rad1 Rfd8 19. Nxe5 Bxe5 20. Nf3 Bf4 21. e5 Bc6 22. Qc4 Rxd1 23. Qxf7+ Kh8 24. Rxd1 Bxf3 25. Qxf4 1-0


[Site "https://www.chess.com"]

[Event "Titled Tuesday Blitz November 22 Early 2022"]
[White "Lehtosaari, Mauri"]
[Black "Mayaud, Raphael"]
[WhiteFideId "501999"]
[BlackFideId "627151"]
[WhiteElo "2505"]
[BlackElo "2191"]
[Result "1/2-1/2"]
[Round "04"]
[TimeControl "180+1"]
[Date "2022.11.23"]
[WhiteClock "0:00:22"]
[BlackClock "0:00:07"]

1. d4 d5 2. Nf3 c6 3. e3 Nf6 4. Bd3 Bg4 5. Nbd2 Nbd7 6. b3 e5 7. dxe5 Nxe5 8. Be2 Ng6 9. h3 Be6 10. Bb2 Be7 11. h4 h5 12. Ng5 Qd7 13. Nxe6 Qxe6 14. Nf3 O-O-O 15. Ng5 Qd7 16. c3 Bd6 17. Qc2 Ne5 18. O-O-O Nfg4 19. Rdf1 f6 20. Nf3 Rhe8 21. Kb1 Kb8 22. Nd4 g6 23. a4 a6 24. Ka2 c5 25. Nf3 b5 26. Nxe5 Nxe5 27. f4 Ng4 28. Bxg4 Qxg4 29. axb5 axb5 30. Qd3 Kc7 31. Qxd5 Bf8 32. Qf3 Rd2 33. Qxg4 hxg4 34. Re1 Rxg2 35. Kb1 Rd8 36. Bc1 Rd3 37. h5 gxh5 38. Bb2 Rdd2 39. Bc1 Rd3 40. Bb2 Rdd2 41. Bc1 Rd3 1/2-1/2


[Site "https://www.chess.com"]

[Event "Titled Tuesday Blitz November 22 Early 2022"]
[White "Levitan, Caleb Levi"]
[Black "Melikyan, Gnel"]
[WhiteFideId "14332620"]
[BlackFideId "54109990"]
[WhiteElo "1963"]
[BlackElo "2138"]
[Result "0-1"]
[Round "04"]
[TimeControl "180+1"]
[Date "2022.11.22"]
[WhiteClock "0:00:02"]
[BlackClock "0:01:40"]

1. e4 e5 2. Nf3 Nc6 3. Bb5 Nf6 4. Qe2 d6 5. c3 Bd7 6. O-O a6 7. Ba4 Be7 8. d4 O-O 9. Rd1 Nxd4 10. cxd4 Bxa4 11. b3 Bb5 12. Qe1 exd4 13. Nxd4 Bd7 14. Nc3 Re8 15. Bb2 Bf8 16. Rd3 Nxe4 17. Nxe4 d5 18. Re3 dxe4 19. Rxe4 Qf6 20. Rc1 c5 21. Rxe8 Rxe8 22. Qd2 cxd4 23. Bxd4 Qd6 24. Rd1 Bg4 25. f3 Bf5 26. Qb2 Rd8 27. h3 Qg6 28. Rd2 Bxh3 29. Kh2 Be6 30. Bf2 Qh6+ 31. Kg1 Qxd2 0-1


[Site "https://www.chess.com"]

[Event "Titled Tuesday Blitz November 22 Early 2022"]
[White "Lohani, Sujana"]
[Black "Osmonbekov, Talaibek"]
[WhiteFideId "12311987"]
[BlackFideId "2017253"]
[WhiteElo "1691"]
[BlackElo "2135"]
[Result "0-1"]
[Round "04"]
[TimeControl "180+1"]
[Date "2022.11.23"]
[WhiteClock "0:00:01"]
[BlackClock "0:00:12"]

1. d4 e6 2. Nf3 f5 3. c4 Nf6 4. Nc3 Bb4 5. Bd2 O-O 6. g3 d6 7. Bg2 a5 8. O-O Bxc3 9. Bxc3 Ne4 10. Be1 Nc6 11. d5 Nb4 12. a3 Na6 13. Bxa5 e5 14. Qc2 Bd7 15. Be1 Nac5 16. b3 f4 17. Nd2 Ng5 18. b4 Na4 19. Ne4 Bf5 20. h4 Nxe4 21. Bxe4 Bxe4 22. Qxe4 Qf6 23. Bd2 b6 24. Kg2 Qf7 25. f3 fxg3 26. Kxg3 Qh5 27. Qg4 Qf7 28. e4 Nb2 29. Rfc1 Nd3 30. Rc3 Nxb4 31. Rg1 Na6 32. Kh3 Kh8 33. h5 Nc5 34. Bg5 Nd7 35. Rc2 Nf6 36. Qg2 Qxh5+ 37. Kg3 Qxg5+ 38. Kf2 Nxe4+ 39. Ke2 Qxg2+ 40. Rxg2 Nc5 41. Kf1 Rxa3 42. Kg1 Raxf3 43. Kh2 e4 44. Rg4 R3f4 45. Rg5 h6 46. Rg6 R8f6 47. Rgg2 Kh7 48. Ra2 g5 49. Ra7 Rf7 50. Ra8 Kg6 51. Kg3 Rf3+ 52. Kh2 Rf2 0-1


[Site "https://www.chess.com"]

[Event "Titled Tuesday Blitz November 22 Early 2022"]
[White "Lucas, Arthur"]
[Black "Chuemsakul, Sarocha"]
[WhiteFideId "26093073"]
[BlackFideId "6203710"]
[WhiteElo "2251"]
[BlackElo "1686"]
[Result "1-0"]
[Round "04"]
[TimeControl "180+1"]
[Date "2022.11.23"]
[WhiteClock "0:00:54"]
[BlackClock "0:00:32"]

1. Nf3 d5 2. e3 Nf6 3. c4 e6 4. b3 Be7 5. Bb2 O-O 6. Nc3 c5 7. cxd5 Nxd5 8. Qc2 Nc6 9. a3 b6 10. h4 Bb7 11. Rh3 Rc8 12. Ng5 g6 13. Nxd5 exd5 14. Nxh7 Kxh7 15. h5 d4 16. hxg6+ Kg8 17. g7 1-0


[Site "https://www.chess.com"]

[Event "Titled Tuesday Blitz November 22 Early 2022"]
[White "Malka, Samuel"]
[Black "Makhmudov, Shukhrat"]
[WhiteFideId "20643675"]
[BlackFideId "14200775"]
[WhiteElo "2464"]
[BlackElo "2135"]
[Result "0-1"]
[Round "04"]
[TimeControl "180+1"]
[Date "2022.11.23"]
[WhiteClock "0:00:05"]
[BlackClock "0:00:17"]

1. d4 Nf6 2. c4 e6 3. Nf3 d5 4. g3 c6 5. Qc2 a6 6. c5 b6 7. cxb6 Qxb6 8. Nc3 c5 9. Na4 Qc6 10. dxc5 a5 11. Ne5 Qc7 12. Bf4 Nh5 13. Ng6 Nxf4 14. Nxh8 Nh5 15. Qxh7 Nf6 16. Qc2 Na6 17. Bg2 Rb8 18. O-O Bd7 19. Rac1 Nb4 20. Qd1 Nxa2 21. Ra1 Nb4 22. e4 dxe4 23. Qe2 Bb5 24. Qd2 Bxf1 25. Bxf1 Qd7 26. Qf4 Rb7 27. Nb6 Qc7 28. Bb5+ Ke7 29. Rxa5 Qxc5 30. Ra8 Qxb6 31. Ba4 Nd3 32. Qg5 Qxf2+ 33. Kh1 Qf1# 0-1


[Site "https://www.chess.com"]

[Event "Titled Tuesday Blitz November 22 Early 2022"]
[White "Malyi, Viacheslav"]
[Black "Kuznetsov, Mikhail"]
[WhiteFideId "14123983"]
[BlackFideId "4117190"]
[WhiteElo "2291"]
[BlackElo "1981"]
[Result "0-1"]
[Round "04"]
[TimeControl "180+1"]
[Date "2022.11.23"]
[WhiteClock "0:00:10"]
[BlackClock "0:00:10"]

1. e4 c6 2. d4 d5 3. Nc3 a6 4. Nf3 Bg4 5. h3 Bh5 6. Bd3 e6 7. O-O Nf6 8. Re1 Be7 9. a3 Bg6 10. Bf4 O-O 11. Bh2 Nbd7 12. Qe2 b5 13. Rad1 Nb6 14. Ne5 Rc8 15. Nxg6 hxg6 16. e5 Nfd7 17. Nb1 c5 18. c3 Nb8 19. Nd2 Nc6 20. Nf3 Nc4 21. Bf4 Qb6 22. h4 cxd4 23. cxd4 Nxd4 24. Nxd4 Qxd4 25. Bc1 Qxh4 26. g3 Qh5 27. f3 Qh3 28. Qf2 Bc5 29. Be3 Bxe3 30. Rxe3 Nxe3 31. Qxe3 Qxg3+ 32. Kf1 g5 33. Ke2 Qg2+ 34. Ke1 g6 35. Bf1 Qg3+ 36. Ke2 Rc2+ 37. Kd3 Rfc8 38. Be2 Qh4 39. f4 Qxf4 40. Qxf4 gxf4 41. a4 b4 42. Bf1 Rxb2 43. Kd4 a5 44. Bb5 Rc3 45. Rf1 g5 46. Rd1 g4 47. Bd3 g3 48. Bb5 g2 49. Bd3 f3 50. Bb5 f2 51. Bd3 g1=Q 52. Rf1 Qxf1 53. Bxf1 Rd2+ 54. Bd3 Rdxd3# 0-1


[Site "https://www.chess.com"]

[Event "Titled Tuesday Blitz November 22 Early 2022"]
[White "Martic, Ivan"]
[Black "Boruchovsky, Avital"]
[WhiteFideId "929301"]
[BlackFideId "2800055"]
[WhiteElo "2355"]
[BlackElo "2458"]
[Result "0-1"]
[Round "04"]
[TimeControl "180+1"]
[Date "2022.11.23"]
[WhiteClock "0:00:05"]
[BlackClock "0:00:10"]

1. e4 c5 2. Nf3 Nc6 3. Bb5 g6 4. O-O Bg7 5. c3 e5 6. d4 exd4 7. cxd4 Nxd4 8. Nxd4 cxd4 9. Nd2 Ne7 10. Nc4 O-O 11. Nd6 a6 12. Bc4 Be5 13. Nxc8 Rxc8 14. Bb3 Qb6 15. Bh6 Bg7 16. Qd2 Bxh6 17. Qxh6 Rc5 18. Rad1 Rh5 19. Qf4 d5 20. exd5 Nxd5 21. Qxd4 Qc7 22. g3 Ne7 23. Qd7 Rc8 24. Rfe1 Re5 25. Rxe5 Qxe5 26. Kf1 Rc7 27. Qd4 Qxd4 28. Rxd4 Kg7 29. h4 Nf5 30. Rd5 Kf6 31. Ke2 Ne7 32. Rd6+ Ke5 33. Rd3 Nc6 34. Re3+ Kd6 35. h5 Nd4+ 36. Kd2 Nxb3+ 37. Rxb3 gxh5 38. Rb6+ Ke5 39. Rh6 f6 40. Rxh5+ Ke4 41. Rh4+ Kf5 42. Rf4+ Ke5 43. a4 Rd7+ 44. Kc2 f5 45. Rb4 h6 46. Rb6 Rh7 47. Kd3 h5 48. Rb4 Rd7+ 49. Ke3 Rc7 50. Rh4 Rc2 51. Rxh5 Rxb2 52. g4 Rb3+ 53. Ke2 Kf4 54. gxf5 Ke5 55. Rh7 Kxf5 56. Rc7 Ke4 57. Rc4+ Kd5 58. Rh4 Rb2+ 59. Kf3 Rb3+ 60. Kg2 Kc5 61. f3 b5 62. axb5 axb5 63. Kg3 b4 64. Rh8 Rb1 65. Rc8+ Kd4 66. f4 b3 67. Rb8 b2 68. Kg2 Ke4 69. Rb4+ Kf5 70. Kh2 Kg4 71. Kg2 Kf5 72. Kh2 Ke6 73. Kg2 Kd5 74. Kh2 Kc5 75. Rb8 Kd4 76. Rb4+ Kc3 77. Rb8 Re1 78. Kg3 b1=Q 79. Rxb1 Rxb1 80. Kg4 Kd4 81. Kg5 Ke4 82. f5 Rg1+ 83. Kf6 Rf1 84. Ke6 Rxf5 85. Kd6 Rh5 86. Kc7 Rh6 0-1


[Site "https://www.chess.com"]

[Event "Titled Tuesday Blitz November 22 Early 2022"]
[White "Martin, Lewis"]
[Black "Han, Yichen"]
[WhiteFideId "410551"]
[BlackFideId "1054430"]
[WhiteElo "2145"]
[BlackElo "2323"]
[Result "0-1"]
[Round "04"]
[TimeControl "180+1"]
[Date "2022.11.23"]
[WhiteClock "0:01:39"]
[BlackClock "0:01:51"]

1. e4 e5 2. Nf3 Nc6 3. Bb5 Nf6 4. d3 Bc5 5. O-O Nd4 6. Nxd4 Bxd4 7. c3 Bb6 8. Bg5 c6 9. Ba4 h6 10. Bh4 d6 11. Nd2 g5 12. Bg3 h5 13. h3 h4 14. Bh2 g4 15. hxg4 Nxg4 16. Qf3 h3 17. Bb3 Qe7 18. gxh3 Nxh2 19. Kxh2 Rxh3+ 20. Qxh3 Bxh3 21. Kxh3 O-O-O 22. Nf3 Qf6 23. Bd1 Rh8+ 0-1


[Site "https://www.chess.com"]

[Event "Titled Tuesday Blitz November 22 Early 2022"]
[White "Matinian, Nikita"]
[Black "Winterberg, Lukas"]
[WhiteFideId "24129100"]
[BlackFideId "24622702"]
[WhiteElo "2422"]
[BlackElo "2349"]
[Result "1-0"]
[Round "04"]
[TimeControl "180+1"]
[Date "2022.11.23"]
[WhiteClock "0:02:08"]
[BlackClock "0:01:34"]

1. e4 e6 2. d4 d5 3. Nc3 Nf6 4. e5 Nfd7 5. f4 c5 6. Nf3 Nc6 7. Be3 a6 8. Qd2 b5 9. dxc5 Bxc5 10. Bf2 Qb6 11. Bd3 h6 12. O-O Bb7 13. a3 Bxf2+ 14. Qxf2 Qxf2+ 15. Rxf2 g5 16. f5 g4 17. fxe6 fxe6 18. Nh4 Ncxe5 19. Re1 O-O-O 20. Ng6 Nxg6 21. Bxg6 d4 22. Ne4 Bxe4 23. Rxe4 Nc5 24. Rxg4 d3 25. cxd3 Nxd3 26. Bxd3 Rxd3 27. h3 Kd7 28. Rg7+ Kc6 29. Rg6 Kd5 30. Rff6 Re8 31. Rxh6 Rd2 32. Rf2 Rd1+ 33. Kh2 Rc8 34. Re2 Rc6 35. h4 a5 36. Rh5+ Kc4 37. Rc2+ 1-0


[Site "https://www.chess.com"]

[Event "Titled Tuesday Blitz November 22 Early 2022"]
[White "Matveeva, Olga"]
[Black "Shuvalov, Evgenij"]
[WhiteFideId "24107018"]
[BlackFideId "4187237"]
[WhiteElo "2055"]
[BlackElo "2049"]
[Result "1-0"]
[Round "04"]
[TimeControl "180+1"]
[Date "2022.11.23"]
[WhiteClock "0:01:17"]
[BlackClock "0:00:14"]

1. d4 Nf6 2. c4 c5 3. d5 b5 4. cxb5 a6 5. bxa6 Bxa6 6. Nc3 d6 7. Nf3 g6 8. g3 Bg7 9. Bg2 Nbd7 10. Rb1 O-O 11. O-O Qa5 12. Bd2 Ng4 13. Qc2 Rfb8 14. b3 Qa3 15. h3 Nge5 16. Ne1 Nf6 17. Qd1 Bc8 18. Nc2 Qa6 19. a4 Bf5 20. e4 Bd7 21. Re1 Nd3 22. Bf1 c4 23. Bxd3 cxd3 24. Nd4 Nxd5 25. Nxd5 Bxd4 26. Nxe7+ Kg7 27. Be3 Bc3 28. Bd2 Bxd2 29. Qxd2 Bxh3 30. Qc3+ Kh6 31. Kh2 Be6 32. Rh1 Bg4 33. Kg2+ Bh5 34. Nf5+ gxf5 35. Qf6# 1-0


[Site "https://www.chess.com"]

[Event "Titled Tuesday Blitz November 22 Early 2022"]
[White "Mihailidis, Anastasios"]
[Black "Aloma Vidal, Robert"]
[WhiteFideId "4205588"]
[BlackFideId "2260409"]
[WhiteElo "2312"]
[BlackElo "2435"]
[Result "0-1"]
[Round "04"]
[TimeControl "180+1"]
[Date "2022.11.23"]
[WhiteClock "0:00:50"]
[BlackClock "0:01:40"]

1. e4 e5 2. Nf3 Nf6 3. Nxe5 d6 4. Nf3 Nxe4 5. Nc3 Nf6 6. d4 g6 7. Be3 Bg7 8. h3 O-O 9. Bd3 Nc6 10. O-O Nb4 11. a3 Nxd3 12. Qxd3 Bf5 13. Qd2 Re8 14. Rfe1 c6 15. Bg5 Qb6 16. b3 Ne4 17. Nxe4 Bxe4 18. Be3 Bxf3 19. gxf3 d5 20. b4 a5 21. c3 axb4 22. axb4 Qc7 23. Bf4 Qd7 24. Kg2 Qf5 25. Bg3 h5 26. h4 Bf6 27. Rxe8+ Rxe8 28. Ra7 g5 29. hxg5 Bxg5 30. Qd1 h4 31. Be5 f6 32. Bh2 h3+ 33. Kh1 Re1+ 34. Qxe1 Qxf3+ 35. Kg1 Qg2# 0-1


[Site "https://www.chess.com"]

[Event "Titled Tuesday Blitz November 22 Early 2022"]
[White "Miszler, Levente"]
[Black "Grabinsky, Vladimir"]
[WhiteFideId "763276"]
[BlackFideId "14107074"]
[WhiteElo "2176"]
[BlackElo "2198"]
[Result "1-0"]
[Round "04"]
[TimeControl "180+1"]
[Date "2022.11.23"]
[WhiteClock "0:02:17"]
[BlackClock "0:00:42"]

1. Nf3 c5 2. c4 Nc6 3. g3 e5 4. Nc3 g6 5. Bg2 Bg7 6. O-O Nge7 7. Ne1 O-O 8. Nc2 d6 9. Ne3 Rb8 10. a3 a6 11. Ned5 b5 12. b3 bxc4 13. bxc4 Nd4 14. e3 Nb3 15. Rb1 Nxc1 16. Rxb8 Nd3 17. Be4 Nxd5 18. Nxd5 1-0


[Site "https://www.chess.com"]

[Event "Titled Tuesday Blitz November 22 Early 2022"]
[White "Mortazavi, Ali"]
[Black "Tristan, Leonardo"]
[WhiteFideId "401323"]
[BlackFideId "113816"]
[WhiteElo "2339"]
[BlackElo "2461"]
[Result "0-1"]
[Round "04"]
[TimeControl "180+1"]
[Date "2022.11.23"]
[WhiteClock "0:00:03"]
[BlackClock "0:01:20"]

1. Nf3 d5 2. g3 Nf6 3. Bg2 Bf5 4. O-O e6 5. d3 Be7 6. c4 c6 7. Be3 dxc4 8. dxc4 Nbd7 9. b4 Bxb4 10. Qb3 Bc5 11. Nd4 Be4 12. Bxe4 Nxe4 13. Qxb7 Qc8 14. Qxc6 Qxc6 15. Nxc6 Bxe3 16. fxe3 f6 17. Na3 a6 18. Rf4 Ndc5 19. Rd1 Kf7 20. Nc2 Rhc8 21. Na5 Rd8 22. Rd4 e5 23. Rxd8 Rxd8 24. Rh4 Rd1+ 25. Kg2 Rd2 26. Nb4 Rxe2+ 27. Kf1 Rf2+ 28. Ke1 Rb2 29. Nac6 a5 30. Nd5 Nd3+ 31. Kf1 Ng5 32. Nd8+ Ke8 33. Nc6 Nf3 0-1


[Site "https://www.chess.com"]

[Event "Titled Tuesday Blitz November 22 Early 2022"]
[White "Mrudul Dehankar"]
[Black "Barria Zuniga, Daniel"]
[WhiteFideId "25096990"]
[BlackFideId "3400816"]
[WhiteElo "2068"]
[BlackElo "2414"]
[Result "0-1"]
[Round "04"]
[TimeControl "180+1"]
[Date "2022.11.23"]
[WhiteClock "0:00:01"]
[BlackClock "0:00:10"]

1. e4 c5 2. Nf3 Nc6 3. d4 cxd4 4. Nxd4 e6 5. Nc3 Qc7 6. Be2 a6 7. O-O Na5 8. f4 b5 9. Bf3 Bb7 10. Kh1 d6 11. Qd3 Nf6 12. Re1 Be7 13. a4 b4 14. Nd1 O-O 15. Nf2 Rac8 16. Bd2 Nc4 17. Bc1 Rfd8 18. b3 Ne5 19. Qe2 Nxf3 20. gxf3 Bf8 21. Bd2 e5 22. Nf5 Qxc2 23. Bxb4 Qxb3 24. Reb1 Qc2 25. Qxc2 Rxc2 26. Ba5 Rd7 27. Kg1 exf4 28. Rc1 Rxc1+ 29. Rxc1 g6 30. Nd4 Be7 31. Nd3 Nh5 32. Ne2 Bg5 33. Kf2 d5 34. e5 f6 35. e6 Re7 36. Rb1 Bc6 37. Rb8+ Re8 38. Rb6 Bxa4 39. Rxa6 Bb5 40. Rd6 Bxd3 41. Nd4 Bf5 42. Rxd5 Ng7 43. Rd6 Bxe6 44. Bc3 Bf7 45. Nc6 Bh4+ 0-1


[Site "https://www.chess.com"]

[Event "Titled Tuesday Blitz November 22 Early 2022"]
[White "Munkhgal, Gombosuren"]
[Black "Orlov, Georgi"]
[WhiteFideId "4901266"]
[BlackFideId "2011271"]
[WhiteElo "2576"]
[BlackElo "2531"]
[Result "1-0"]
[Round "04"]
[TimeControl "180+1"]
[Date "2022.11.23"]
[WhiteClock "0:00:05"]
[BlackClock "0:00:01"]

1. d4 Nf6 2. Bf4 d6 3. Nc3 c6 4. e4 Qa5 5. Bd3 e5 6. dxe5 dxe5 7. Bg5 Nbd7 8. Ne2 Be7 9. O-O O-O 10. Ng3 Nc5 11. Nh5 Qd8 12. Bxf6 Bxf6 13. Nxf6+ Qxf6 14. b4 Ne6 15. Ne2 Rd8 16. Qd2 Nf4 17. Nxf4 exf4 18. f3 Be6 19. Qe2 Qd4+ 20. Kh1 Qxb4 21. e5 g6 22. Rab1 Qe7 23. a4 Rd4 24. a5 Rad8 25. Be4 Bd5 26. Bxd5 R4xd5 27. Rfe1 Rxa5 28. Qe4 g5 29. h4 Rdd5 30. e6 fxe6 31. h5 Rab5 32. Ra1 a6 33. c4 Re5 34. Qd4 Rxe1+ 35. Rxe1 Rf5 36. Rd1 Rf8 37. c5 Qf7 38. Qe5 Qxh5+ 39. Kg1 Qf7 40. Qxg5+ Qg7 41. Qh5 Kh8 42. Rd2 a5 43. Qh3 Qa1+ 44. Kh2 Qg7 45. Qxe6 a4 46. Rd7 Qg3+ 47. Kg1 Qg5 48. Qd6 Re8 49. Qd4+ Qe5 50. Qxe5+ 1-0


[Site "https://www.chess.com"]

[Event "Titled Tuesday Blitz November 22 Early 2022"]
[White "Nakamura, Hikaru"]
[Black "Harsh Suresh"]
[WhiteFideId "2016192"]
[BlackFideId "45018464"]
[WhiteElo "2909"]
[BlackElo "2227"]
[Result "1-0"]
[Round "04"]
[TimeControl "180+1"]
[Date "2022.11.22"]
[WhiteClock "0:00:08"]
[BlackClock "0:00:06"]

1. Nf3 Nf6 2. g3 b6 3. c4 Bb7 4. Nc3 g6 5. Bg2 Bg7 6. d4 O-O 7. O-O e6 8. Qc2 d5 9. cxd5 Nxd5 10. Rd1 Nd7 11. Nxd5 Bxd5 12. e4 Bb7 13. Bg5 Bf6 14. Bh6 Bg7 15. Bxg7 Kxg7 16. b4 Rc8 17. Nd2 Qe7 18. Qb2 Rfd8 19. a3 Kg8 20. Rac1 Ba8 21. a4 c5 22. dxc5 bxc5 23. b5 Qf6 24. Qxf6 Nxf6 25. f3 Rd4 26. Nc4 Rcd8 27. Rxd4 cxd4 28. Rd1 g5 29. h3 h5 30. g4 hxg4 31. hxg4 Ne8 32. Bf1 f6 33. a5 f5 34. b6 fxe4 35. bxa7 e3 36. Nxe3 Bxf3 37. Rd3 Ra8 38. Nc4 Bd5 39. Nb6 Rxa7 40. Nxd5 exd5 41. Ra3 Nd6 42. a6 Nc4 43. Ra2 Kf7 44. Kf2 Ke6 45. Ke2 Kd6 46. Kd3 Kc5 47. Be2 Kb5 48. Kxd4 Kc6 49. Bxc4 dxc4 50. Kxc4 Kb6 51. Kb4 Kc6 52. Ra1 Kb6 53. Ra3 Kc6 54. Kc4 Kb6 55. Kd5 Kc7 56. Ke6 Kb8 57. Kf6 Rc7 58. Kxg5 Rc5+ 59. Kh4 Ka7 60. g5 Rc4+ 61. Kh5 Rc5 62. Kh6 Rc1 63. g6 Rh1+ 64. Kg7 Rg1 65. Kh7 Rh1+ 66. Kg8 Rg1 67. g7 Rg2 68. Ra4 Rg3 69. Kf7 Rf3+ 70. Kg6 Rg3+ 71. Kf6 Rf3+ 72. Kg5 Rg3+ 73. Rg4 1-0


[Site "https://www.chess.com"]